 Dungeon Crawl Stone Soup version 0.30-a0-1112-gfb780f5df6 (webtiles) character file.

Game seed: 10275394378940056411

2 AleXD21137 the Grave Robber (level 1, -2/14 HPs)
             Began as a Ghoul Necromancer on Apr 19, 2023.
             Slain by an adder (4 damage)
             ... on level 2 of the Dungeon.
             The game lasted 00:01:19 (176 turns).

AleXD21137 the Grave Robber (Ghoul Necromancer)      Turns: 176, Time: 00:01:21

Health: -2/14      AC:  2    Str: 11    XL:     1   Next: 30%
Magic:  2/2        EV: 12    Int: 10    God:
Gold:   10         SH:  0    Dex:  9    Spells: 2/3 levels left

rFire   . . .      SeeInvis .    (no weapon)
rCold   + . .      Faith    .    (no shield)
rNeg    + + +      Spirit   .    a - +0 robe
rPois   ∞          Reflect  .    (no helmet)
rElec   .          Rampage  .    (no cloak)
rCorr   .                        (no gloves)
Will    .....                    (no boots)
Stlth   ++                       (no amulet)
HPRegen 0.00/turn                f - ring of positive energy
MPRegen 0.08/turn                (no ring)

@: inhibited regen
A: claws 1, cold resistance 1, negative energy resistance 3, inhibited
regeneration, torment resistance 2, devour on kill
a: no special abilities


You were on level 2 of the Dungeon.
You visited 1 branch of the dungeon, and saw 2 of its levels.

You collected 10 gold pieces.

Inventory:

Armour
 a - a +0 robe (worn)
Jewellery
 f - a ring of positive energy (left claw)
Scrolls
 c - a scroll of fear {unknown}
 d - a scroll of teleportation {unknown}
Potions
 b - a potion of magic
 e - a potion of brilliance {unknown}


   Skills:
 + Level 1.7 Dodging
 + Level 2.1 Stealth
 + Level 1.7 Spellcasting
 + Level 4.1 Necromancy


You had 2 spell levels left.
You knew the following spells:

 Your Spells              Type           Power      Damage    Failure   Level
a - Necrotise             Necr           36%        1d5       6%          1

Your spell library contained the following spells:

 Spells                   Type           Power      Damage    Failure   Level
 Vampiric Draining        Necr           9%         2d6       19%         3
 Animate Dead             Necr           9%         N/A       52%         4
 Agony                    Necr           9%         N/A       86%         5


Dungeon Overview and Level Annotations

Branches:
Dungeon (2/15)

Altars:


Innate Abilities, Weirdness & Mutations

You are immune to poison.
You have sharp fingernails.
Your flesh is cold resistant. (rC+)
You are immune to negative energy. (rN+++)
You do not regenerate when monsters are visible.
You are immune to unholy pain and torment.
You thrive by killing the living.


Message History

You closely miss the rat. The rat barely misses you. The bat hits you.
You scratch the rat.
You kill the rat!
The bat closely misses you. The adder barely misses you.
The adder closely misses you. The jackal attacks as you move away!
The jackal completely misses you. The adder attacks as you move away!
The adder closely misses you.
An adder comes into view.
The adder hisses angrily.
The jackal bites you.
You closely miss the jackal. The jackal barely misses you.
You scratch the jackal but do no damage.
The jackal bites you.
You scratch the jackal but do no damage.
The jackal barely misses you.
The jackal bites you but does no damage.
You barely miss the jackal. The jackal barely misses you.
The adder barely misses you.
You closely miss the jackal. The jackal barely misses you.
The adder barely misses you. The jackal closely misses you.
You scratch the jackal.
The jackal is heavily wounded.
The adder barely misses you. The jackal closely misses you.
The adder misses you.
You miss the adder. The jackal barely misses you. The adder misses you.
You scratch the adder.
The adder is lightly wounded.
The jackal closely misses you. The adder closely misses you.
The jackal misses you.
You scratch the adder.
The adder is moderately wounded.
The adder bites you. The jackal bites you.
You closely miss the adder.
The adder is moderately wounded.
The adder bites you.
* * * LOW HITPOINT WARNING * * *
The jackal bites you.
* * * LOW HITPOINT WARNING * * *
The adder bites you.
You die...

... #..# .##.. .....
.###.##(.###.# #.. ....
............# #... ...#
..........# #. #.#...##
.###.##...# .# #......#
#.###.##...###.###..#(#.#
)......bS................
.)....##h#.##.#####.#.#..
#.### #@#....#####......
#S####.........##. #.#
#.########... #.# #.# .#.
#.# #.# # ..# #.# #.# #.#
..# #.# ..#


You could see 2 adders, a jackal and a bat.

Vanquished Creatures
  An endoplasm (D:2)
  A rat (D:2)
2 creatures vanquished.

Notes
Turn   | Place    | Note
-------+----------+-------------------------------------------
     0 | D:1      | AleXD21137 the Ghoul Necromancer began the quest for the
                  | Orb.
     0 | D:1      | Reached XP level 1. HP: 14/14 MP: 2/2
   176 | D:2      | Slain by an adder

Illustrated notes

Levels and vault maps discovered:
D:1:      dpeg_arrival_refuge, layout_basic, minmay_tetromino_t2
D:2:      layout_loops_ring, basic_altar, uniq_robin

Action                     || total
---------------------------++-------
  Melee: Unarmed           ||    18
   Stab: Sleeping          ||     1
 Armour: Robe              ||     5
  Dodge: Dodged            ||    26

Table legend: (Time is in decaauts)
 A = Elapsed time spent in this place.
 B = Non-inter-level travel time spent in this place.
 C = Inter-level travel time spent in this place.
 D = Time resting spent in this place.
 E = Time spent auto-exploring this place.
 F = Levels seen in this place.
 G = Mean time per level.
                   A        B        C        D        E       F      G
               +--------+--------+--------+--------+--------+-----+--------+
         Total |    175 |    175 |      0 |      0 |      0 |   2 |   87.5 |
       Dungeon |    175 |    175 |      0 |      0 |      0 |   2 |   87.5 |
               +--------+--------+--------+--------+--------+-----+--------+

Top non-repeatable levels by time:
     D:1: 125 daAuts
     D:2: 49 daAuts
